 Dungeon Crawl Stone Soup version 0.23.0 (webtiles) character file.

Game seed: 3805677133473958585

227 Kairos the Chopper (level 5, 0/49 HPs)
             Began as a Deep Dwarf Monk on Feb 15, 2019.
             Slain by an orc
             ... wielding a +0 flail
              (1 damage)
             ... on level 3 of the Dungeon.
             The game lasted 00:05:48 (2085 turns).

Kairos the Chopper (Deep Dwarf Monk)                Turns: 2085, Time: 00:05:49

Health: 0/49       AC:  7    Str: 16    XL:     5   Next: 70%
Magic:  5/5        EV: 11    Int: 10    God:
Gold:   94         SH:  0    Dex: 15    Spells: 4/4 levels left

rFire    + . .     SeeInvis .   r - +4 whip
rCold    . . .     Gourm    .   (no shield)
rNeg     . . .     Faith    .   m - +0 scale mail {rF+}
rPois    .         Spirit   .   s - +0 helmet
rElec    .         Reflect  .   (no cloak)
rCorr    .         Harm     .   n - -1 pair of gloves (curse)
MR       .....     Rnd*Tele +   (no boots)
Stlth    +.........             (no amulet)
HPRegen  0.00/turn              h - ring of teleportation (curse)
MPRegen  0.09/turn              (no ring)

@: non-regenerating
A: damage resistance, heal wounds, sense surroundings 1, no regeneration
a: Heal Wounds


You were on level 3 of the Dungeon.
You were not hungry.

You visited 1 branch of the dungeon, and saw 3 of its levels.

You collected 94 gold pieces.

Inventory:

Hand Weapons
 a - a +0 hand axe
 q - a +0 dagger
 r - a +4 whip (weapon)
Missiles
 d - 92 stones (quivered)
Armour
 b - a +0 robe
 f - a +0 scale mail
 m - a +0 scale mail of fire resistance (worn)
 n - a cursed -1 pair of gloves (worn)
 s - a +0 helmet (worn)
Jewellery
 h - a cursed ring of teleportation (left hand)
Scrolls
 k - a scroll of fear
Potions
 e - a potion of lignification {unknown}
 g - a potion of magic {unknown}
 i - 3 potions of mutation {unknown}
 j - 2 potions of curing {unknown}
 l - a potion of berserk rage {unknown}
 o - a potion of degeneration {unknown}
Comestibles
 c - 7 rations
 p - a chunk of flesh


   Skills:
 + Level 3.5 Fighting
 + Level 5.5 Axes
 + Level 0.3(3.0) Maces & Flails
 + Level 0.5 Throwing
 + Level 1.3 Armour
 + Level 4.1 Dodging
 + Level 2.7 Stealth


You had 4 spell levels left.
You didn't know any spells.
Your spell library was empty.

Dungeon Overview and Level Annotations

Branches:
Dungeon (3/15)

Altars:
Elyvilon


Innate Abilities, Weirdness & Mutations

You are resistant to damage.
You can heal yourself by infusing magical energy.
You passively map a small area around you.
You do not regenerate.


Message History

You barely miss something. The orc closely misses you.
The orc hits you with a +0 hand axe.
* * * LOW HITPOINT WARNING * * *
Something hits you but does no damage.
You hit something. The orc completely misses you.
The orc hits you with a +0 flail.
* * * LOW HITPOINT WARNING * * *
You whack something!
Reactivating autopickup.
You feel a bit more experienced. The orc hits you but does no damage.
You hit the orc.
The orc is heavily wounded.
The orc hits you but does no damage.
You closely miss the orc.
The orc is moderately wounded.
The orc barely misses you.
You whack the orc!
You kill the orc!
The orc hits you with a +0 flail.
You die...

...........#.###.#....# * *
.....<.......#.* #.#### , *
.............#.. #.########,
...##+##+#...#.###.........,
....#.##.#...#......######
......##.#...#...#...# *
......##.##..#.#<...(#
.......#.....#.o)....# * *
........####.#.o@..#.##
..........##.#.###.#..# *
..........##.#.#.....## ,
..........#....#+#+#.#
...#..).....o........# *
...##..#.............## *
.......##..#..........# * *
...........##.o#...####
.....#...#.....##..#


You could see 2 orcs.

Vanquished Creatures
  2 orc wizards (D:3)
  Robin (D:3)
  A howler monkey skeleton (D:3)
  6 adders
  A gnoll (D:1)
  An ooze (D:2)
  A worm (D:2)
  2 dart slugs
  3 leopard geckos
  8 orcs
  A ball python (D:1)
  2 giant cockroaches (D:2)
  9 goblins
  6 hobgoblins
  7 jackals (D:1)
  2 quokkas
  3 bats (D:2)
  3 frilled lizards
  5 kobolds
  5 rats
69 creatures vanquished.

Notes
Turn   | Place    | Note
-------+----------+-------------------------------------------
     0 | D:1      | Kairos the Deep Dwarf Monk began the quest for the Orb.
     0 | D:1      | Reached XP level 1. HP: 20/20 MP: 1/1
    88 | D:1      | Reached XP level 2. HP: 5/27 MP: 2/2
   657 | D:1      | Reached XP level 3. HP: 21/34 MP: 3/3
   802 | D:2      | Reached skill level 4 in Axes
   952 | D:2      | Reached XP level 4. HP: 19/42 MP: 4/4
  1034 | D:2      | Found a white marble altar of Elyvilon.
  1785 | D:3      | Reached skill level 1 in Armour
  1825 | D:3      | Reached XP level 5. HP: 13/49 MP: 5/5
  1835 | D:3      | Noticed Robin
  1868 | D:3      | Killed Robin
  1868 | D:3      | Reached skill level 5 in Axes
  2080 | D:3      | HP: 2/49 [orc/+0 hand axe (5)]
  2085 | D:3      | Slain by an orc

Skill      XL: |  1  2  3  4  5 |
---------------+----------------+-----
Fighting       | 3 |  3.5
Axes           | 4 5 |  5.5
Dodging        | 4 |  4.1
Armour         | 1 |  1.3
Maces & Flails | |  0.3
Throwing       | |  0.5
Stealth        | |  2.7

Action                   |  1- 3 |  4- 6 || total
-------------------------+-------+-------++-------
Melee: Hand axe          |   111 |   111 ||   222
       Whip              |       |    39 ||    39
Throw: Stone             |     3 |    15 ||    18
 Abil: Heal Wounds       |     1 |     2 ||     3
  Use: Scroll            |     1 |     3 ||     4
 Stab: Sleeping          |     1 |       ||     1
  Eat: Chunk             |       |     4 ||     4
Armor: Robe              |     8 |       ||     8
       Scale mail        |    21 |    55 ||    76
Dodge: Dodged            |    93 |    76 ||   169
